Map: Lightshade LE

Players

DPGDark (Dark) - Winner!

  • Race: Zerg Zerg
  • League: Master
  • Spawn Location: 11:00

ByuN

  • Race: Terran Terran
  • League: Master
  • Spawn Location: 5:00

Event: TSL 6

VOD

Have the link to the VOD?

Description

Time

  • Played on: Dec. 20, 2020, 5:10 p.m.
  • Length: 12:44

All games in this series

Show
View Real Time Build Order
Export as new Build Order

DPGDark Zerg - Winner!

Build Orders: Hatch First, Muta Ling Bane 

Get SALT Encoding   

  12  0:00  Drone  
  13  0:12  Overlord  
  13  0:17  Drone  
  14  0:30  Drone  
  14  0:31  Drone  
  16  0:48  Hatchery  
  15  0:51  Drone  
  15  0:54  Drone  
  17  0:58  Drone  
  18  1:09  Extractor  
  17  1:13  Spawning Pool  
  17  1:16  Drone  
  17  1:19  Drone  
  18  1:28  Drone  
  19  1:38  Drone  
  20  1:49  Drone  
  21  2:00  Queen x2  
  25  2:03  Drone  
  25  2:05  Zergling x2  
  27  2:11  Overlord  
  27  2:12  Drone  
  28  2:20  Hatchery  
  27  2:26  Drone  
  28  2:30  Drone  
  28  2:34  Drone x2  
  31  2:38  Queen  
  33  2:44  Metabolic Boost  
  33  2:47  Overlord  
  33  2:50  Drone  
  34  2:53  Drone  
  34  2:54  Drone  
  36  3:04  Overlord  
  36  3:06  Drone  
  36  3:09  Drone  
  36  3:10  Drone x2  
  40  3:14  Queen  
  40  3:18  Drone x2  
  44  3:26  Drone  
  45  3:29  Overlord  
  45  3:36  Overlord, Queen  
  45  3:37  Drone  
  45  3:39  Drone  
  49  3:43  Drone  
  49  3:47  Drone  
  49  3:48  Extractor, Drone x2  
  52  3:49  Queen  
  52  3:51  Drone  
  52  3:52  Drone x2  
  57  3:56  Drone x2  
  59  4:05  Drone x2  
  59  4:08  Zergling x2  
  62  4:14  Zergling x2  
  62  4:15  Zergling x8  
  63  4:21  Zergling x2  
  63  4:22  Zergling x8  
  63  4:23  Zergling x2  
  63  4:24  Queen  
  64  4:26  Zergling x2  
  64  4:29  Queen  
  66  4:35  Queen  
  66  4:36  Zergling x2  
  64  4:39  Zergling x4  
  63  4:47  Overlord  
  63  4:48  Zergling x2  
  63  4:49  Zergling x2  
  65  4:54  Spore Crawler  
  65  4:59  Queen  
  64  5:00  Evolution Chamber  
  64  5:01  Evolution Chamber  
  64  5:03  Spore Crawler  
  64  5:04  Queen  
  64  5:05  Drone x3  
  68  5:09  Spore Crawler  
  65  5:18  Drone  
  65  5:19  Drone x5  
  72  5:21  Drone  
  72  5:24  Drone  
  72  5:25  Overlord  
  73  5:36  Drone x2  
  73  5:40  Drone  
  73  5:41  Lair  
  73  5:44  Zerg Melee Weapons Level 1  
  73  5:45  Zerg Ground Armor Level 1, Overlord  
  73  5:46  Drone  
  73  5:47  Drone  
  75  5:54  Baneling Nest  
  73  5:57  Zergling x10  
  73  6:02  Queen  
  73  6:03  Spore Crawler  
  79  6:06  Queen  
  79  6:08  Drone  
  79  6:09  Drone  
  79  6:10  Drone  
  84  6:12  Zergling x2  
  84  6:14  Drone  
  84  6:16  Drone  
  84  6:17  Drone x2  
  89  6:18  Drone  
  90  6:31  Overlord  
  90  6:32  Overlord  
  90  6:35  Overlord  
  90  6:39  Overlord  
  88  6:41  Extractor  
  88  6:42  Extractor  
  88  6:43  Spire  
  88  6:44  Drone x5  
  90  6:47  Extractor, Overseer  
  90  6:48  Extractor, Drone  
  90  6:49  Drone x2  
  90  7:00  Drone x4  
  90  7:01  Drone  
  95  7:08  Zergling x6  
  98  7:17  Zergling x4  
  98  7:18  Drone x3  
  98  7:20  Drone  
  104  7:30  Centrifical Hooks, Drone x2  
  104  7:31  Overlord  
  106  7:40  Overlord  
  106  7:41  Hatchery  
  105  7:44  Overlord, Hatchery  
  105  7:46  Zergling x2  
  105  7:47  Zergling x8  
  109  7:56  Mutalisk x5  
  119  7:58  Zerg Flyer Weapons Level 1  
  119  8:00  Mutalisk  
  119  8:04  Mutalisk x2  
  124  8:10  Drone x5  
  129  8:13  Zergling x2  
  129  8:18  Baneling x5  
  129  8:19  Baneling x3  
  130  8:29  Zergling x12  
  130  8:32  Baneling x6  
  130  8:33  Zergling x10  
  141  8:36  Baneling x5  
  140  8:45  Overlord  
  137  8:53  Overseer  
  137  8:55  Overlord  
  131  8:56  Overlord x2  
  131  8:59  Zerg Melee Weapons Level 2  
  131  9:00  Overlord  
  131  9:01  Drone  
  131  9:02  Drone x7  
  137  9:03  Drone x4  
  139  9:13  Extractor  
  139  9:14  Zergling x8  
  142  9:22  Mutalisk x4  
  150  9:29  Zergling x18, Spore Crawler  
  150  9:30  Overseer  
  158  9:39  Mutalisk  
  158  9:41  Zergling x12  
  166  9:46  Pneumatized Carapace  
  166  9:53  Hatchery  
  166  9:54  Zergling x10  
  170  10:03  Zergling x16  
  170  10:04  Zerg Ground Armor Level 2  
  178  10:09  Zergling x8  
  178  10:12  Overlord x2  
  182  10:14  Overlord x2  
  179  10:24  Zergling x26  
  179  10:25  Zergling x2  
  179  10:26  Baneling x4  
  179  10:27  Baneling  
  179  10:28  Baneling x3  
  169  10:29  Zergling x2  
  148  10:44  Zergling x24  
  159  10:51  Baneling x4  
  159  10:53  Zergling x8  
  159  10:57  Zergling x8  
  167  10:58  Zergling x2  
  167  11:01  Mutalisk x2  
  167  11:03  Baneling x4  
  172  11:07  Zergling x4  
  172  11:08  Zergling x8  
  176  11:15  Zergling x4  
  176  11:18  Baneling x10  
  162  11:27  Zergling x10  
  162  11:28  Zergling x20  
  162  11:29  Baneling x6  
  169  11:35  Zergling x8  
  172  11:41  Zergling x2  
  172  11:42  Zergling x2  
  173  11:47  Zergling x8  
  173  11:53  Baneling x7  
  176  11:55  Zergling x18  
  176  11:56  Baneling  
  176  11:57  Baneling x9  
  176  12:00  Zergling x6  
  183  12:12  Zergling x16  
  165  12:17  Zergling x6  
  165  12:21  Overseer  
  152  12:26  Zergling x2  
  152  12:27  Zergling x8  
Show
View Real Time Build Order
Export as new Build Order

ByuN Terran 

Build Orders: Hellion Banshee 

Get SALT Encoding   

  12  0:00  SCV  
  13  0:12  SCV  
  14  0:17  Supply Depot  
  14  0:24  SCV  
  14  0:28  Refinery  
  15  0:38  SCV  
  16  0:43  Barracks  
  16  0:50  SCV  
  17  1:02  SCV  
  18  1:14  SCV  
  19  1:30  Barracks Reactor, Orbital Command  
  19  1:41  Command Center  
  19  1:51  Factory  
  19  1:56  SCV  
  20  2:02  Supply Depot  
  20  2:06  Marine  
  20  2:07  Marine  
  22  2:11  SCV  
  23  2:24  SCV, Marine  
  23  2:25  Marine  
  26  2:35  Starport  
  26  2:36  SCV  
  27  2:38  Refinery  
  27  2:46  Hellion x2  
  31  2:52  SCV  
  31  2:55  Orbital Command  
  32  3:00  Marine  
  32  3:04  SCV  
  34  3:06  Orbital Command  
  34  3:10  Hellion  
  34  3:11  Hellion  
  38  3:13  Orbital Command  
  38  3:15  Medivac  
  38  3:19  Marine  
  41  3:28  Armory  
  41  3:36  Supply Depot  
  41  3:39  Hellion x2  
  45  3:45  Starport Tech Lab  
  45  3:52  Supply Depot  
  45  3:57  SCV  
  45  3:58  SCV  
  45  4:01  Hellion x2  
  51  4:09  SCV  
  52  4:10  SCV  
  51  4:21  SCV  
  51  4:22  SCV  
  51  4:23  Hellion  
  53  4:26  Hellion  
  54  4:36  Banshee  
  53  4:40  SCV  
  53  4:44  Hellion, SCV  
  55  4:48  Hellion  
  55  4:52  SCV  
  58  4:53  Barracks Tech Lab  
  58  4:56  SCV  
  58  4:57  Cloaking Field  
  59  5:07  SCV  
  59  5:08  SCV  
  59  5:09  Supply Depot  
  61  5:15  Hellion  
  61  5:17  Hellion  
  62  5:23  Stimpack  
  62  5:24  Hellion x2  
  62  5:25  Hellion x6  
  62  5:31  Banshee, SCV x2  
  62  5:34  Supply Depot  
  66  5:48  Command Center  
  66  5:51  Supply Depot  
  66  5:52  SCV x2  
  68  5:59  Marine  
  69  6:06  Supply Depot  
  69  6:08  SCV  
  69  6:09  Factory Reactor  
  70  6:12  SCV  
  70  6:15  Barracks  
  70  6:16  Engineering Bay, Supply Depot  
  71  6:19  Barracks  
  71  6:21  SCV  
  71  6:24  Starport Reactor, SCV  
  72  6:28  Engineering Bay  
  70  6:33  SCV  
  70  6:34  Marine  
  70  6:37  SCV  
  70  6:45  SCV  
  70  6:49  SCV  
  70  6:52  Marine  
  70  6:53  Terran Infantry Weapons Level 1  
  72  6:54  Terran Infantry Armor Level 1, Refinery  
  72  6:55  Refinery  
  72  6:57  SCV  
  72  7:01  SCV  
  74  7:02  Factory Reactor  
  74  7:04  Combat Shield, Marine x2  
  76  7:09  SCV  
  76  7:10  Marine  
  76  7:12  Marine  
  76  7:13  SCV, Marine  
  81  7:16  Medivac  
  81  7:17  Medivac  
  81  7:20  Barracks x2  
  83  7:24  Marine  
  83  7:25  Marine  
  83  7:27  SCV x2  
  83  7:28  Marine  
  88  7:36  Marine x2  
  90  7:41  Orbital Command, SCV x2  
  92  7:44  Widow Mine x2  
  92  7:47  Marine x3  
  92  7:50  Medivac x2  
  103  7:54  Supply Depot x2  
  103  7:56  SCV x2  
  105  8:01  Orbital Command  
  105  8:03  Marine x2  
  105  8:05  Marine x2  
  109  8:10  Supply Depot  
  109  8:11  Supply Depot  
  109  8:14  Barracks Reactor  
  109  8:15  Barracks Reactor, SCV x2, Marine  
  112  8:26  Marine x4  
  116  8:27  SCV x2  
  118  8:34  SCV  
  118  8:39  SCV x2  
  121  8:46  SCV, Marine x2  
  121  8:47  Marine  
  121  8:48  Marine x2  
  115  8:51  SCV x2  
  115  8:52  Missile Turret  
  115  8:54  Missile Turret  
  111  8:59  SCV  
  108  9:04  Marine x2  
  105  9:13  Missile Turret  
  105  9:16  Widow Mine x2  
  107  9:18  Marine x2  
  107  9:19  Marine x5  
  107  9:22  Marine  
  115  9:28  Medivac  
  115  9:29  Medivac  
  119  9:33  Terran Infantry Armor Level 2, Terran Infantry Weapons Level 2  
  119  9:35  Marine  
  119  9:38  Widow Mine x2  
  121  9:39  Marine x3  
  121  9:40  Marine x4  
  128  9:52  Factory  
  128  9:53  Supply Depot  
  128  9:54  Marauder  
  128  9:55  Supply Depot  
  128  9:58  Marine x7  
  128  9:59  Widow Mine x2  
  141  10:05  Marine  
  142  10:15  Marine  
  142  10:16  Marine x7  
  150  10:26  Marine  
  149  10:32  Medivac x2  
  149  10:33  Widow Mine x2, Marine  
  149  10:34  Marine x4  
  141  10:44  Marine  
  141  10:45  Marine x3  
  145  10:51  Factory Tech Lab, Marauder, Marine  
  145  10:52  Marine  
  145  10:54  Widow Mine x2, Marine x2  
  145  10:56  Refinery  
  155  11:02  Medivac x2, Marine x2  
  155  11:03  Marine x2  
  163  11:09  Marine  
  163  11:13  Marauder  
  163  11:14  Marine x3  
  163  11:16  SCV x3  
  158  11:26  Widow Mine x2, Marine  
  158  11:27  Marine  
  158  11:28  SCV  
  158  11:30  SCV x2  
  158  11:32  Medivac  
  157  11:33  Missile Turret  
  157  11:35  Supply Depot  
  156  11:47  Marine  
  157  11:55  Supply Depot x2  
  157  11:56  Supply Depot, Medivac  
  157  11:57  Widow Mine x2  
  163  12:01  Marine x7  
  163  12:02  Medivac  
  133  12:17  Marine  
  133  12:18  Widow Mine x2, Marine  
  133  12:19  Marine x2  
  133  12:20  Marine  
  113  12:24  Marine x2  
  113  12:26  Marine  
Tags
 
Add a new tag
Caveats
  • Supply blocks, unpowered buildings, or Contaminate may cause inaccurate times.
  • Supply counts are checked every 10 seconds.